 Dungeon Crawl Stone Soup version 0.20-a0-947-g2784f4f (webtiles) character file.

207 Koga the Chopper (level 5, 0/45 HPs)
             Began as a Hill Orc Fighter on Apr 3, 2017.
             Slain by an ogre
             ... wielding a cursed -2 giant club
              (13 damage)
             ... on level 3 of the Dungeon.
             The game lasted 00:06:12 (1604 turns).

Koga the Chopper (Hill Orc Fighter)                 Turns: 1604, Time: 00:06:13

Health: 0/45       AC:  9    Str: 20    XL:     5   Next: 85%
Magic:  14/14      EV:  7    Int:  8    God:
Gold:   120        SH:  9    Dex: 10    Spells: 4/4 levels left

rFire    . . .     SeeInvis .   a - +0 war axe
rCold    . . .     Gourm    .   c - +0 shield
rNeg     . . .     Faith    .   b - +0 scale mail
rPois    .         Spirit   .   n - +1 helmet
rElec    .         Reflect  .   (no cloak)
rCorr    .         Harm     .   (no gloves)
MR       .....                  (no boots)
Stlth    ..........             (no amulet)
Regen    0.2/turn               i - ring of magical power
MPRegen  0.2/turn               (no ring)

@: no status effects
A: no striking features
a: no special abilities


You were on level 3 of the Dungeon.
You were not hungry.

You visited 1 branch of the dungeon, and saw 3 of its levels.

You collected 120 gold pieces.

Inventory:

Hand Weapons
 a - a +0 war axe (weapon)
Armour
 b - a +0 scale mail (worn)
 c - a +0 shield (worn)
 n - a +1 helmet (worn)
Jewellery
 i - a ring of magical power (left hand)
Scrolls
 g - 2 scrolls of teleportation {unknown}
 k - a scroll of magic mapping {unknown}
 l - 2 scrolls of remove curse {unknown}
 m - a scroll of amnesia {unknown}
 p - a scroll of enchant weapon {unknown}
 s - a scroll of enchant armour {unknown}
 t - a scroll of identify {unknown}
Potions
 d - a potion of might
 e - a potion of lignification {unknown}
 o - a potion of curing {unknown}
 q - a potion of invisibility {unknown}
 u - a potion of mutation {unknown}
Comestibles
 f - 2 bread rations
 h - 5 chunks of flesh
 j - 4 fruits
 r - a royal jelly


   Skills:
 - Level 3.6 Fighting
 + Level 7.7 Axes
 - Level 3.2 Armour
 - Level 3.2 Shields


You had 4 spell levels left.
You didn't know any spells.

Dungeon Overview and Level Annotations

Branches:
Dungeon (3/15)

Altars:


Message History

A bat and a gnoll come into view.
The gnoll shouts!
A giant cockroach comes into view.
A gnoll and an ogre come into view.
You barely miss the bat.
The ogre shouts!
The gnoll shouts!
You block the bat's attack. The bat hits you but does no damage.
The ogre moves out of view.
The bat hits you but does no damage. 2 gnolls come into view.
You hit the bat.
You kill the bat!
You hit the giant cockroach.
You kill the giant cockroach!
The gnoll hits you from afar with a halberd!
You closely miss the ogre. The ogre hits you with a giant club!!
* * * LOW HITPOINT WARNING * * *
You slash the ogre!
The ogre is moderately wounded.
You block the gnoll's attack. The ogre hits you with a giant club!
You die...

#....................#
#....................#
#....................#
#.######.............#
#.............#
#...(.........#
#.............#
#.......#.....#
#########@....#
#O....# .g##### ...#
..gg# ...g.# ......#
.......#


You could see an ogre and 4 gnolls.

Vanquished Creatures
  The ghost of Doomer the Chopper, an amateur DsGl of Qazlal (D:3)
  Terence (D:2)
  Robin (D:2)
  2 adders
  An ooze (D:1)
  A worm (D:2)
  2 dart slugs (D:1)
  2 leopard geckos
  An orc (D:3)
  A ball python (D:1)
  4 giant cockroaches
  6 hobgoblins
  5 jackals
  13 bats
  2 frilled lizards (D:2)
  9 goblins
  2 kobolds (D:1)
  4 rats
58 creatures vanquished.

Notes
Turn   | Place    | Note
-------+----------+-------------------------------------------
     0 | D:1      | Koga the Hill Orc Fighter began the quest for the Orb.
     0 | D:1      | Reached XP level 1. HP: 19/19 MP: 1/1
   162 | D:1      | Reached skill level 3 in Axes
   266 | D:1      | Reached XP level 2. HP: 20/26 MP: 2/2
   446 | D:1      | Reached skill level 4 in Axes
   454 | D:1      | Reached XP level 3. HP: 31/31 MP: 3/3
   705 | D:2      | Reached skill level 5 in Axes
   726 | D:2      | Noticed Robin
   743 | D:2      | Killed Robin
   743 | D:2      | Reached XP level 4. HP: 37/39 MP: 4/4
  1040 | D:2      | Noticed Terence
  1049 | D:2      | Killed Terence
  1049 | D:2      | Reached skill level 6 in Axes
  1272 | D:3      | Noticed Doomer's ghost (amateur DsGl)
  1295 | D:3      | Killed Doomer's ghost
  1295 | D:3      | Reached skill level 7 in Axes
  1295 | D:3      | Reached XP level 5. HP: 14/45 MP: 5/5
  1600 | D:3      | Noticed an ogre
  1604 | D:3      | Slain by an ogre

Vault maps used:
D:1:      dpeg_cavernosity
D:2:      uniq_terence, uniq_robin
D:3:      first_bread, lemuel_tele_altar

Skill      XL: |  1  2  3  4 |
---------------+-------------+-----
Axes           | 3 4 5 7 |  7.7
Fighting       | |  3.6
Armour         | |  3.2
Shields        | |  3.2

Action                   |  1- 3 |  4- 6 || total
-------------------------+-------+-------++-------
Melee: War axe           |   112 |    71 ||   183
  Use: Potion            |       |     1 ||     1
  Eat: Chunk             |       |     3 ||     3
Armor: Scale mail        |    89 |    35 ||   124
Dodge: Dodged            |    45 |    20 ||    65
Block: Shield            |    87 |    39 ||   126
